 Dungeon Crawl Stone Soup version 0.30-a0-241-g1121274140 (webtiles) character file.

Game seed: 2451557685250633227

91 gzilladon the Trooper (level 4, -3/40 HPs)
             Began as a Ghoul Fighter on Oct 10, 2022.
             Slain by a gnoll
             ... wielding a +0 flail
              (9 damage)
             ... on level 2 of the Dungeon.
             The game lasted 00:05:18 (1332 turns).

gzilladon the Trooper (Ghoul Fighter)               Turns: 1332, Time: 00:05:19

Health: -3/40      AC:  6    Str: 21    XL:     4   Next: 59%
Magic:  3/3        EV:  9    Int:  3    God:
Gold:   96         SH:  4    Dex:  8    Spells: 3/3 levels left

rFire   . . .      SeeInvis .    j - +1 dagger (venom)
rCold   + . .      Faith    .    b - +0 buckler
rNeg    + + +      Spirit   .    a - +0 scale mail
rPois   ∞          Reflect  .    (no helmet)
rElec   .          Harm     .    (no cloak)
rCorr   .          Rampage  .    (no gloves)
Will    .....                    (no boots)
Stlth   ..........               (no amulet)
HPRegen 0.00/turn                (no ring)
MPRegen 0.08/turn                (no ring)

@: inhibited regen
A: claws 1, cold resistance 1, negative energy resistance 3, inhibited
regeneration, torment resistance 2, devour on kill
a: no special abilities


You were on level 2 of the Dungeon.
You visited 1 branch of the dungeon, and saw 2 of its levels.

You collected 96 gold pieces.

Inventory:

Hand Weapons
 d - a +0 hand axe
 j - a +1 dagger of venom (weapon)
 k - a +3 dagger
Missiles
 h - 54 stones (quivered)
 l - 3 atropa-tipped darts
Armour
 a - a +0 scale mail (worn)
 b - a +0 buckler (worn)
Wands
 o - a wand of polymorph (12)
Scrolls
 f - a scroll of butterflies {unknown}
 g - a scroll of magic mapping {unknown}
 n - a scroll of identify {unknown}
Potions
 c - a potion of might
 e - a potion of heal wounds {unknown}
 i - 2 potions of curing {unknown}
 m - a potion of brilliance {unknown}


   Skills:
 * Level 4.0 Fighting
 + Level 0.1 Short Blades
 + Level 1.3 Axes
 + Level 3.4 Armour
 + Level 0.7 Dodging
 + Level 3.0 Shields
 + Level 2.3 Unarmed Combat


You had 3 spell levels left.
You didn't know any spells.
Your spell library contained the following spells:

 Spells                   Type           Power      Damage    Failure   Level
 Necrotise                Necr           0%         1d4       91%         1
 Summon Small Mammal      Summ           0%         N/A       91%         1
 Call Canine Familiar     Summ           0%         N/A       100%        3
 Ozocubu's Armour         Ice            0%         N/A       100%        3
 Summon Guardian Golem    Hex/Summ       0%         N/A       100%        3
 Vampiric Draining        Necr           0%         2d6       100%        3
 Agony                    Necr           0%         N/A       100%        5
 Irradiate                Conj/Tmut      0%         3d11      100%        5
 Metabolic Englaciation   Hex/Ice        0%         N/A       100%        5
 Simulacrum               Ice/Necr       0%         N/A       100%        6
 Blade Hands              Tmut           Unusable   N/A       N/A         5
 Dragon Form              Tmut           Unusable   N/A       N/A         7

Dungeon Overview and Level Annotations

Branches:
Dungeon (2/15)

Altars:


Innate Abilities, Weirdness & Mutations

You are immune to poison.
You have sharp fingernails.
Your flesh is cold resistant. (rC+)
You are immune to negative energy. (rN+++)
You do not regenerate when monsters are visible.
You are immune to unholy pain and torment.
You thrive by killing the living.


Message History

You feel better.
h - 54 stones (gained 4)
Things that are here:
a +0 short sword; a +1 short sword of electrocution; a +0 scale mail You start resting.
HP restored.
n - a scroll labelled MUXANE TIPAUTA
Found a stone staircase leading up.
i - 2 green potions (gained 1)
Found a ring mail.
You now have 96 gold pieces (gained 13).
o - a wand of polymorph (12) 3 gnolls come into view.
The gnoll shouts! x3; You hear a shout!
The gnoll throws a throwing net.
The throwing net hits you.
You become entangled in the net!
You see here a throwing net.
You struggle against the net.
A gnoll comes into view. It is wielding a +0 flail.
You struggle against the net.
You struggle against the net.
A rat comes into view.
A ball python comes into view.
You rip the net and break free!
The ball python hisses angrily.
The gnoll hits you with a +0 club! The gnoll hits you with a +0 club.
The gnoll hits you from afar with a +0 spear.
You barely miss the gnoll. The gnoll closely misses you.
The gnoll barely misses you. You block the gnoll's attack.
You hit the gnoll but do no damage. The gnoll closely misses you.
The gnoll hits you with a +0 flail! The gnoll hits you with a +0 club.
* * * LOW HITPOINT WARNING * * *
The gnoll hits you from afar with a +0 spear.
* * * LOW HITPOINT WARNING * * *
A rat comes into view.
You barely miss the gnoll. The gnoll closely misses you.
The gnoll hits you but does no damage.
The gnoll hits you from afar with a +0 spear.
* * * LOW HITPOINT WARNING * * *
The gnoll hits you with a +0 flail!
You die...

.#.#. .. r... .. ...## .. .#
#...# . . #...#### ##### .
###gr... ....# .#
#.#ggg#####.#.# #.#
##.##@....##.#[# #.# ..#...
#...#...>.##.#.# #.# ......
# ##...##....##.#.# #.#
####.. #. #.....#.........#
#.#
...#..#.....#.....#.#.###.#
#
#..................#..##.##
#
####.####..†).....##.###..##
# #. ####.###..#..###...# #
# #..........#....)


You could see 4 gnolls and 2 rats.

Vanquished Creatures
  Terence (D:2)
  A gnoll (D:1)
  An adder (D:2)
  2 dart slugs (D:1)
  An endoplasm (D:2)
  3 giant cockroaches
  3 goblins
  3 hobgoblins
  4 jackals (D:1)
  6 kobolds
  2 quokkas
  8 ball pythons
  A bat (D:2)
  2 frilled lizards
  4 rats
42 creatures vanquished.

Notes
Turn   | Place    | Note
-------+----------+-------------------------------------------
     0 | D:1      | gzilladon the Ghoul Fighter began the quest for the Orb.
     0 | D:1      | Reached XP level 1. HP: 19/19 MP: 0/0
   119 | D:1      | Found a faded altar of an unknown god.
   121 | D:1      | Noticed a shining eye
   121 | D:1      | Noticed a shining eye
   122 | D:1      | Noticed a great orb of eyes
   122 | D:1      | Noticed a great orb of eyes
   183 | D:1      | Reached XP level 2. HP: 24/26 MP: 1/1
   403 | D:1      | Reached XP level 3. HP: 29/31 MP: 2/2
   511 | D:1      | Reached skill level 1 in Axes
  1101 | D:2      | Reached XP level 4. HP: 40/40 MP: 3/3
  1172 | D:2      | Noticed Terence
  1180 | D:2      | Killed Terence
  1181 | D:2      | Reached skill level 4 in Fighting
  1332 | D:2      | Slain by a gnoll

Illustrated notes

Levels and vault maps discovered:
D:1:      kennysheep_arrival_forest, layout_basic,
          hellmonk_ecumenical_altar_watching_god
D:2:      layout_loops_ring, minmay_unequal, uniq_terence

Skill      XL: |  1  2  3  4 |
---------------+-------------+-----
Armour         | 3 |  3.4
Axes           | 1 |  1.3
Fighting       | 4 |  4.0
Shields        | 3 |  3.0
Short Blades   | |  0.1
Dodging        | |  0.7
Unarmed Combat | |  2.3

Action                   |  1- 3 |  4- 6 || total
-------------------------+-------+-------++-------
Melee: Hand axe          |    88 |       ||    88
       Dagger            |    41 |    19 ||    60
Armor: Scale mail        |    76 |     8 ||    84
Dodge: Dodged            |    63 |    16 ||    79
Block: Buckler           |    46 |     8 ||    54

Table legend: (Time is in decaauts)
 A = Elapsed time spent in this place.
 B = Non-inter-level travel time spent in this place.
 C = Inter-level travel time spent in this place.
 D = Time resting spent in this place.
 E = Time spent auto-exploring this place.
 F = Levels seen in this place.
 G = Mean time per level.
                   A        B        C        D        E       F      G
               +--------+--------+--------+--------+--------+-----+--------+
         Total |   1360 |   1220 |    140 |    201 |      0 |   2 |  680.0 |
       Dungeon |   1360 |   1220 |    140 |    201 |      0 |   2 |  680.0 |
               +--------+--------+--------+--------+--------+-----+--------+

Top non-repeatable levels by time:
     D:1: 878 daAuts
     D:2: 482 daAuts
